 Dungeon Crawl Stone Soup version 0.28.0-47-ge53b351184 (webtiles) character file.

Game seed: 10862372588302939429

73 Kenran the Ruffian (level 4, -1/44 HPs)
             Began as a Troll Gladiator on Apr 30, 2022.
             Slain by an orc
             ... wielding a +2 dagger of venom
              (5 damage)
             ... on level 3 of the Dungeon.
             The game lasted 00:03:22 (1018 turns).

Kenran the Ruffian (Troll Gladiator)                Turns: 1018, Time: 00:03:22

Health: -1/44      AC:  5    Str: 24    XL:     4   Next: 8%
Magic:  3/3        EV: 10    Int:  4    God:
Gold:   51         SH:  0    Dex: 11    Spells: 3/3 levels left

rFire   . . .      SeeInvis .     - Unarmed
rCold   . . .      Faith    .   (no shield)
rNeg    . . .      Spirit   .   a - +0 robe
rPois   .          Reflect  .   b - +0 hat
rElec   .          Harm     .   h - +0 cloak
rCorr   .          Rampage  .   (gloves unavailable)
Will    .....                   (boots unavailable)
Stlth   +.........              (no amulet)
HPRegen 0.94/turn               (no ring)
MPRegen 0.08/turn               (no ring)

@: lethally poisoned (-1 -> -8), hasted, very quick
A: large, unfitting armour, claws 3, regeneration 1, shaggy fur 1, tough skin 1,
talons 1
a: no special abilities


You were on level 3 of the Dungeon.
You visited 1 branch of the dungeon, and saw 3 of its levels.

You collected 51 gold pieces.

Inventory:

Missiles
 c - 3 throwing nets (quivered)
 d - 45 stones
 j - 6 atropa-tipped darts
 m - 4 poisoned darts
Armour
 a - a +0 robe (worn)
 b - a +0 hat (worn)
 h - a +0 cloak (worn)
Scrolls
 e - a scroll of enchant armour {unknown}
 f - a scroll of fog {unknown}
 k - a scroll of enchant weapon {unknown}
Potions
 l - a potion of heal wounds {unknown}


   Skills:
 + Level 2.7 Fighting
 - Level 1.7 Throwing
 - Level 2.4 Dodging
 + Level 4.1 Unarmed Combat


You had 3 spell levels left.
You didn't know any spells.
Your spell library contained the following spells:

 Spells                   Type           Power      Damage    Failure   Level
 Inner Flame              Hex/Fire       0%         N/A       86%         3
 Cause Fear               Hex            0%         N/A       99%         4
 Discord                  Hex            0%         N/A       100%        8


Dungeon Overview and Level Annotations

Branches:
Dungeon (3/15)

Altars:


Innate Abilities, Weirdness & Mutations

You are too large for most types of armour.
You have claws for hands.
Your natural rate of healing is unusually fast.
You are covered in fur. (AC +1)
You have tough skin. (AC +1)
You have sharp toenails.


Message History

You miss something.
You are too confused!
You are too confused!
You are too confused!
You are too confused!
You claw the orc!
You kill the orc!
The orc throws a stone.
The stone closely misses you. The orc hits you with a +0 whip.
You bump into the rock wall.
You feel less confused. The orc hits you with a +0 whip.
Something hits you but does no damage.
You claw the orc!
You kill the orc!
The orc hits you with a +2 dagger of venom.
You are poisoned.
You hear some strange, mumbled words.
A puff of flame appears from out of thin air!
The puff of flame hits you.
You miss something.
You feel sick.
The orc hits you with a +2 dagger of venom.
You are more poisoned.
Something hits you.
You barely miss something.
You feel very sick.
The orc hits you with a +2 dagger of venom.
* * * LOW HITPOINT WARNING * * *
You are lethally poisoned!
Something hits you but does no damage.
Unknown command.
It was a potion of haste.
You feel yourself speed up.
* * * LOW HITPOINT WARNING * * *
You feel very sick. The orc barely misses you.
Something hits you but does no damage.
It was a potion of mutation.
You feel extremely strange.
Your toenails lengthen and sharpen.
* * * LOW HITPOINT WARNING * * *
You feel very sick.
The orc hits you with a +2 dagger of venom.
You die...

#.#.###.###.#####.###.###.#
#....#...#...# ##...## #.#
#..8...8...8.# ##.## #.# #.
..#...#...# #.# #.#
..###..##### #.# #.# ## ##
#.# #(# ###.####...
##.......... #@{..####...
#o)### #<)# #..........#
#.#..###...# ..##..# .. ###
#..# )..# ....


You could see an orc.

Vanquished Creatures
  A gnoll (D:1)
  A worm (D:2)
  A dart slug (D:1)
  3 orcs (D:3)
  3 endoplasms (D:1)
  2 giant cockroaches
  2 goblins (D:2)
  7 hobgoblins
  8 jackals
  4 kobolds
  4 quokkas
  2 ball pythons
  A bat (D:1)
  3 frilled lizards
  8 rats
50 creatures vanquished.

Notes
Turn   | Place    | Note
-------+----------+-------------------------------------------
     0 | D:1      | Kenran the Troll Gladiator began the quest for the Orb.
     0 | D:1      | Reached XP level 1. HP: 19/19 MP: 0/0
   103 | D:1      | Reached XP level 2. HP: 28/28 MP: 1/1
   286 | D:1      | Found a faded altar of an unknown god.
   604 | D:1      | Reached XP level 3. HP: 35/35 MP: 2/2
   858 | D:2      | Reached skill level 4 in Unarmed Combat
   879 | D:2      | You fall into a shaft and drop 1 floor!
  1004 | D:3      | Reached XP level 4. HP: 37/44 MP: 3/3
  1018 | D:3      | Gained mutation: You have sharp toenails. [potion of
                  | mutation]
  1018 | D:3      | Slain by an orc

Illustrated notes

Levels and vault maps discovered:
D:1:      dpeg_arrival_pond, layout_basic, serial_forest,
          infiniplex_forest_lined_ring, infiniplex_forest_clump_curved,
          infiniplex_forest_straight_3, infiniplex_forest_fountain,
          infiniplex_forest_lined_2, infiniplex_forest_straight_4,
          infiniplex_forest_clump_small, hellmonk_ecumenical_altar_leap_of_faith
D:2:      layout_rooms, minmay_rat_hole
D:3:      layout_loops_ring, minmay_misc_feat_four_crosses, skrybe_limestone_x

Skill      XL: |  1  2  3 |
---------------+----------+-----
Fighting       | 2 |  2.7
Unarmed Combat | 4 |  4.1
Throwing       | |  1.7
Dodging        | |  2.4

Action                   |  1- 3 |  4- 6 || total
-------------------------+-------+-------++-------
Melee: Unarmed           |   107 |    10 ||   117
       Punch             |     2 |       ||     2
  Use: Potion            |       |     2 ||     2
Armor: Robe              |    29 |     5 ||    34
Dodge: Dodged            |    38 |     4 ||    42
